 Dungeon Crawl Stone Soup version 0.18.1-8-gdd0e5ea (webtiles) character file.

945 raph the Firebug (level 7, 0/39 (40) HPs)
             Began as a Deep Elf Fire Elementalist on May 29, 2016.
             Was a Follower of Sif Muna.
             Shot with an arrow by a centaur (8 damage)
             ... on level 6 of the Dungeon.
             The game lasted 00:13:54 (6511 turns).

raph the Firebug (Deep Elf Fire Elementalist)       Turns: 6511, Time: 00:13:55

HP:   0/39 (40)     AC:  2    Str:  5    XL:     7   Next: 89%
MP:   10/17         EV: 14    Int: 22    God:    Sif Muna [*.....]
Gold: 286           SH:  0    Dex: 18    Spells: 5 memorised, 3 levels left

rFire  + . .     SeeInvis .     d - +3 short sword (flame)
rCold  . . .     Gourm    .     a - +0 robe
rNeg   . . .     Faith    .     (no shield)
rPois  .         Spirit   .     (no helmet)
rElec  .         Dismiss  .     (no cloak)
rCorr  .         Reflect  .     (no gloves)
SustAt .         Harm     .     (no boots)
MR     .....                    (no amulet)
Stlth  +++.......               A - ring of protection from fire
                                m - +3 ring of dexterity

@: not resistant to hostile enchantments, fairly stealthy
A: no striking features
a: Channel Energy, Renounce Religion


You were on level 6 of the Dungeon.
You worshipped Sif Muna.
Sif Muna was aware of your devotion.
You were hungry.

You visited 2 branches of the dungeon, and saw 7 of its levels.

You collected 286 gold pieces.

Inventory:

Hand Weapons
 d - a +3 short sword of flaming (weapon)
 j - a +0 short sword
 w - a +1 shortbow of flaming
Missiles
 x - 45 arrows
Armour
 a - a +0 robe (worn)
Jewellery
 m - a +3 ring of dexterity (left hand)
 u - an uncursed ring of positive energy
 A - a ring of protection from fire (right hand)
Wands
 E - a wand of acid (6/15)
Scrolls
 e - 3 scrolls of magic mapping
 g - 3 scrolls of identify
 i - 3 scrolls of remove curse {unknown}
 k - 3 scrolls of teleportation {unknown}
 n - 2 scrolls of fear {unknown}
 p - 2 scrolls of enchant weapon {unknown}
 s - a scroll of amnesia {unknown}
 v - a scroll of blinking {unknown}
 y - a scroll of immolation {unknown}
 z - a scroll of noise {unknown}
Potions
 f - a potion of resistance {unknown}
 h - a potion of invisibility {unknown}
 o - 3 potions of curing
 r - a potion of lignification {unknown}
 B - a potion of heal wounds {unknown}
 C - a potion of berserk rage {unknown}
Books
 b - a book of Flames

   Spells                             Type                      Level
   a - Flame Tongue                   Conjuration/Fire             1
   b - Throw Flame                    Conjuration/Fire             2
   c - Conjure Flame                  Conjuration/Fire             3
   d - Inner Flame                    Hexes/Fire                   3
   e - Sticky Flame                   Conjuration/Fire             4
   f - Fireball                       Conjuration/Fire             5
Comestibles
 c - 4 bread rations
 l - 2 meat rations
 q - 3 fruits
 t - 3 beef jerkies


   Skills:
 * Level 2.8 Fighting
 + Level 3.7 Dodging
 - Level 3.5 Stealth
 + Level 5.3 Spellcasting
 * Level 5.1 Conjurations
 * Level 5.8 Fire Magic
 + Level 1.8 Invocations


You had 3 spell levels left.
You knew the following spells:

 Your Spells              Type           Power        Failure   Level  Hunger
a - Flame Tongue          Conj/Fire      ####.        1%          1    None
b - Throw Flame           Conj/Fire      ####..       1%          2    None
c - Conjure Flame         Conj/Fire      ####....     3%          3    ##.....
d - Inner Flame           Hex/Fire       ###.....     12%         3    ##.....
e - Sticky Flame          Conj/Fire      ####....     12%         4    ####...


Dungeon Overview and Level Annotations

Branches:
Dungeon (6/15)             Temple (1/1) D:4

Altars:
Ashenzari
Cheibriados
Dithmenos
Elyvilon
Gozag
Makhleb
Nemelex Xobeh
Okawaru
Pakellas
Qazlal
Sif Muna
Trog
Zin
The Shining One


Message History

The centaur shoots an arrow.
The arrow completely misses you.
Casting: Flame Tongue
Confirm with . or Enter, or press ? or * to list all spells.
Aiming: Flame Tongue
Press: ? - help, Shift-Dir - straight line, f/p - centaur
Aim: a centaur, wielding a shortbow (heavily wounded)
The flame tongue hits the centaur.
The centaur is severely wounded.
The centaur shoots an arrow.
The arrow misses you.
The centaur shoots an arrow.
The arrow hits you!
* * * LOW HITPOINT WARNING * * *
Casting: Flame Tongue
Confirm with . or Enter, or press ? or * to list all spells.
Aiming: Flame Tongue
Press: ? - help, Shift-Dir - straight line, f/p - centaur
Aim: a centaur, wielding a shortbow (severely wounded)
The flame tongue hits the centaur.
The centaur is severely wounded.
The centaur shoots an arrow.
The arrow hits you!
You die...

#.......#
###.......#
#.........#
#...#.......#
#..###.......# .
#. #........#
...## ###........#
...c..#......#####
#...@(.####
#.#..### ......#
.......# #....#.##
..>..#. .... #.
.... ..


You could see a centaur.

Vanquished Creatures
  A hippogriff (D:5)
  An ice beast (D:5)
  A necrophage (D:5)
  A centaur (D:5)
  A scorpion (D:4)
  A howler monkey (D:5)
  A giant frog skeleton (D:5)
  A hound (D:5)
  4 orc priests (D:3)
  An iguana (D:5)
  2 worker ants
  2 hound skeletons
  A worker ant zombie (D:6)
  7 adders
  2 shadow imps (D:5)
  2 worms
  An adder skeleton (D:4)
  3 dart slugs
  4 giant geckos
  8 orcs
  2 giant cockroaches
  12 goblins
  6 hobgoblins
  11 jackals
  2 kobolds (D:1)
  3 quokkas
  A ball python skeleton (D:4)
  11 bats
  A giant cockroach zombie (D:3)
  A giant gecko zombie (D:5)
  5 giant newts
  5 rats
105 creatures vanquished.

Notes
Turn   | Place    | Note
--------------------------------------------------------------
     0 | D:1      | raph the Deep Elf Fire Elementalist began the quest for the Orb.
     0 | D:1      | Reached XP level 1. HP: 10/10 MP: 6/6
   396 | D:1      | Reached XP level 2. HP: 15/15 MP: 5/8
   419 | D:1      | Learned a level 2 spell: Throw Flame
  1006 | D:2      | Reached XP level 3. HP: 19/19 MP: 5/10
  1050 | D:2      | Learned a level 3 spell: Conjure Flame
  1054 | D:2      | Learned a level 3 spell: Inner Flame
  1258 | D:2      | Found an oddly glowing altar of Pakellas.
  1839 | D:2      | Found a glowing silver altar of Zin.
  1839 | D:2      | Found an opulent altar of Gozag.
  1871 | D:2      | Reached XP level 4. HP: 24/24 MP: 7/11
  2770 | D:3      | Reached XP level 5. HP: 21/28 MP: 2/12
  2885 | D:3      | Found a faded altar to an unknown god.
  4006 | D:4      | Reached XP level 6. HP: 33/33 MP: 2/14
  4159 | D:4      | Reached skill level 1 in Fighting
  4479 | D:4      | Reached skill level 5 in Fire Magic
  4532 | D:4      | Found a staircase to the Ecumenical Temple.
  4538 | Temple   | Entered the Ecumenical Temple
  4724 | Temple   | Became a worshipper of Sif Muna the Loreminder
  4947 | D:5      | Entered Level 5 of the Dungeon
  4947 | D:5      | Found a sparkling altar of Nemelex Xobeh.
  4991 | D:5      | Found a white marble altar of Elyvilon.
  5366 | D:5      | Reached XP level 7. HP: 32/39 MP: 8/16
  5373 | D:5      | Noticed a hippogriff
  5404 | D:5      | Killed a hippogriff
  5404 | D:5      | Reached skill level 1 in Invocations
  5410 | D:5      | Learned a level 4 spell: Sticky Flame
  5551 | D:5      | Reached skill level 5 in Spellcasting
  5559 | D:5      | Found a snail-covered altar of Cheibriados.
  6172 | D:5      | Reached * piety under Sif Muna
  6172 | D:5      | Reached skill level 5 in Conjurations
  6511 | D:6      | Shot with an arrow by a centaur

Skill      XL: |  1  2  3  4  5  6  7 |
---------------+----------------------+-----
Conjurations   | 2 3 4 5 |  5.1
Fire Magic     | 4 5 |  5.8
Stealth        | 3 |  3.5
Dodging        | 3 |  3.7
Spellcasting   | 4 5 |  5.3
Fighting       | 2 |  2.8
Invocations    | 1 |  1.8

Action                   |  1- 3 |  4- 6 |  7- 9 || total
-------------------------+-------+-------+-------++-------
Melee: Unarmed           |     1 |       |       ||     1
       Short sword       |       |    11 |       ||    11
 Cast: Flame Tongue      |    65 |    77 |    40 ||   182
       Throw Flame       |     9 |    27 |    12 ||    48
       Conjure Flame     |       |     6 |       ||     6
       Inner Flame       |       |     4 |       ||     4
  Use: Scroll            |       |     2 |       ||     2
  Eat: Chunk             |     3 |    11 |     3 ||    17
Armor: Robe              |     3 |     2 |       ||     5
Dodge: Dodged            |    24 |    24 |    11 ||    59
